[Event "Titled Tuesday Blitz May 30 Late 2023"]
[White "Dragomirescu, Robin-Alexandru"]
[Black "Goltsev, Dmitry"]
[WhiteFideId "1213849"]
[BlackFideId "24176710"]
[WhiteElo "2356"]
[BlackElo "2356"]
[Result "1-0"]
[Round "07"]
[TimeControl "180+2"]
[Date "2023.05.31"]
[WhiteClock "0:00:07"]
[BlackClock "0:00:03"]

1. b3 Nf6 2. Bb2 g6 3. Bxf6 exf6 4. c4 Bg7 5. Nc3 O-O 6. g3 c6 7. Bg2 f5 8. Rc1 Na6 9. e3 Nc7 10. Nge2 Ne6 11. d4 d6 12. h4 h5 13. b4 Bd7 14. a4 a6 15. Qb3 Re8 16. b5 axb5 17. axb5 Nc7 18. bxc6 bxc6 19. O-O Rb8 20. Qa3 Qe7 21. Rb1 Ra8 22. Qb3 g5 23. Qb7 Rec8 24. hxg5 Qxg5 25. Bxc6 Bxc6 26. Qxc6 h4 27. Qxd6 h3 28. Nf4 Qg4 29. Rb7 Bf8 30. Qd7 h2+ 31. Kxh2 Ra6 32. Qxc8 Qf3 33. Nce2 Rh6+ 34. Nh3 Qxe2 35. Qxc7 Rh7 36. Kg2 Qg4 37. Nf4 Qe2 38. Rh1 Rxh1 39. Kxh1 Qf1+ 40. Kh2 Qxf2+ 41. Ng2 Qf3 42. Qxf7+ Kh8 43. Qh7# 1-0


[Site "https://www.chess.com"]

[Event "Titled Tuesday Blitz May 30 Late 2023"]
[White "Estrada Nieto, Julian"]
[Black "laziestwin"]
[WhiteFideId "5101018"]
[WhiteElo "2161"]
[BlackElo "2646"]
[Result "1-0"]
[Round "07"]
[TimeControl "180+2"]
[Date "2023.05.31"]
[WhiteClock "0:00:13"]
[BlackClock "0:00:01"]

1. e4 c6 2. d4 d5 3. Nc3 dxe4 4. Nxe4 Nf6 5. Nxf6+ exf6 6. c3 Bd6 7. Bd3 O-O 8. Ne2 Re8 9. Qc2 h5 10. h3 Nd7 11. Bd2 Nf8 12. O-O h4 13. Rae1 Be6 14. Bf4 Qd7 15. b3 Rad8 16. Bxd6 Qxd6 17. Rd1 Bc8 18. Kh1 Qd5 19. Ng1 Ne6 20. Be4 Qh5 21. Bf3 Qg5 22. Ne2 a5 23. Rfe1 g6 24. Qc1 Qf5 25. Bg4 Qg5 26. f4 Qh6 27. f5 Ng5 28. Qf4 Re4 29. Qf2 Rde8 30. Ng1 gxf5 31. Bf3 Rxe1 32. Rxe1 Ne4 33. Bxe4 fxe4 34. Re3 f5 35. Ne2 Kf8 36. Nf4 Be6 37. g3 hxg3 38. Rxg3 Ke7 39. Qe3 Rh8 40. Kh2 Qh4 41. c4 Bd7 42. d5 cxd5 43. Qc5+ Kd8 44. Nxd5 1-0


[Site "https://www.chess.com"]

[Event "Titled Tuesday Blitz May 30 Late 2023"]
[White "Annaberdiyev, Meylis"]
[Black "Kaplan, Avi Harrison"]
[WhiteFideId "14000563"]
[BlackFideId "30934559"]
[WhiteElo "2416"]
[BlackElo "1983"]
[Result "0-1"]
[Round "07"]
[TimeControl "180+2"]
[Date "2023.05.31"]
[WhiteClock "0:00:12"]
[BlackClock "0:00:16"]

1. e4 d6 2. d4 g6 3. Nc3 Bg7 4. Nf3 Nc6 5. Bb5 a6 6. Bxc6+ bxc6 7. Be3 Nf6 8. Qd2 O-O 9. Bh6 Rb8 10. O-O-O d5 11. Bxg7 Kxg7 12. e5 Ne4 13. Qe3 Bf5 14. Nxe4 dxe4 15. Nd2 Qd5 16. Kb1 c5 17. dxc5 Qxe5 18. Nc4 Qf6 19. Qd4 Rfd8 20. Qxf6+ Kxf6 21. Kc1 Bg4 22. Rxd8 Rxd8 23. Ne3 Be6 24. a4 Ke5 25. h4 f5 26. g3 h6 27. b4 a5 28. b5 Rd4 29. Rd1 Rxa4 30. Rd8 Rb4 31. b6 cxb6 32. c6 Rb5 33. Nc4+ Bxc4 34. c7 Be6 35. c8=Q Bxc8 36. Rxc8 Rd5 37. Rc7 Kf6 38. c4 Rc5 39. Rb7 Rxc4+ 40. Kd2 Rb4 41. Ke3 Rb3+ 42. Kd4 a4 43. Ra7 a3 44. Ra8 b5 45. Ra6+ e6 46. g4 b4 47. g5+ hxg5 48. hxg5+ Kxg5 49. Rxe6 Rb2 50. Ra6 a2 51. Ke5 b3 52. Ra4 Rb1 0-1


[Site "https://www.chess.com"]

[Event "Titled Tuesday Blitz May 30 Late 2023"]
[White "Bernabeu Lopez, Carlos Javier"]
[Black "Le Goff, Ronan"]
[WhiteFideId "2235366"]
[BlackFideId "612073"]
[WhiteElo "2344"]
[BlackElo "2275"]
[Result "1/2-1/2"]
[Round "07"]
[TimeControl "180+2"]
[Date "2023.05.31"]
[WhiteClock "0:01:05"]
[BlackClock "0:00:07"]

1. c4 Nf6 2. Nc3 e6 3. e4 e5 4. Nf3 Nc6 5. d4 exd4 6. Nxd4 Bb4 7. Nxc6 bxc6 8. e5 Ne4 9. Qf3 d5 10. exd6 Nxc3 11. bxc3 Bxd6 12. Bd3 O-O 13. O-O Rb8 14. h3 c5 15. Be3 Bb7 16. Be4 Bxe4 17. Qxe4 Qf6 18. Rab1 Qxc3 19. g3 Rbe8 20. Rb3 Qxb3 21. Qxe8 Qxc4 22. Qc6 Qxa2 23. Rc1 h6 24. Bxc5 Rd8 25. Bxd6 cxd6 26. Qc7 Re8 27. Qd7 Qe6 28. Qxa7 Qxh3 29. Rd1 Qh5 30. Qd4 Re6 31. Kg2 Qe5 32. Qa7 Qe4+ 33. Kg1 g6 34. Qb8+ Kg7 35. Qb2+ Qe5 36. Qd2 h5 37. Qd3 Rf6 38. Kg2 Qe6 39. Qd4 Qe5 40. Qd3 Qc5 41. Rd2 Qf5 42. Qxf5 gxf5 43. Kf3 Kg6 44. Kf4 Re6 45. f3 Kf6 46. Rd5 Kg6 47. Ra5 Re5 48. Ra8 Rb5 49. Rg8+ Kf6 50. Rh8 Rb4+ 51. Ke3 f4+ 52. gxf4 Rb5 53. Rh6+ Ke7 54. Ke4 Rb4+ 55. Ke3 Rb3+ 56. Ke4 Rb4+ 57. Ke3 Rb3+ 58. Ke4 Rb4+ 1/2-1/2


[Site "https://www.chess.com"]

[Event "Titled Tuesday Blitz May 30 Late 2023"]
[White "Aldokhin, Ivan"]
[Black "Nilsen, Tobias Lang"]
[WhiteFideId "24115720"]
[BlackFideId "1521624"]
[WhiteElo "2322"]
[BlackElo "2183"]
[Result "1-0"]
[Round "07"]
[TimeControl "180+2"]
[Date "2023.05.31"]
[WhiteClock "0:00:15"]
[BlackClock "0:01:00"]

1. e4 e6 2. d4 d5 3. Nc3 Bb4 4. Qd3 dxe4 5. Qxe4 Nf6 6. Qh4 Nd5 7. Qxd8+ Kxd8 8. Bd2 Nxc3 9. bxc3 Bd6 10. Nf3 b6 11. a4 Bb7 12. Be2 Nd7 13. a5 bxa5 14. O-O Ke7 15. Rxa5 Nb8 16. Rb1 Be4 17. c4 Nc6 18. Ra2 Kd7 19. c5 Be7 20. Bb5 Bf6 21. Ng5 Bxg5 22. Bxg5 Rhb8 23. Rab2 Re8 24. f3 Bg6 25. Bf4 a6 26. Ba4 Ra7 27. Rb7 Rxb7 28. Rxb7 Rc8 29. c4 Bd3 30. d5 exd5 31. cxd5 Bb5 32. Rxb5 axb5 33. Bxb5 Ke7 34. Bxc6 f6 35. h4 g6 36. Kf2 Kd8 37. g4 Rb8 38. g5 fxg5 39. Bxg5+ Kc8 40. d6 cxd6 41. cxd6 Rb2+ 42. Kg3 1-0


[Site "https://www.chess.com"]

[Event "Titled Tuesday Blitz May 30 Late 2023"]
[White "Kovalevsky, Stanislav"]
[Black "Hossain, Enamul"]
[WhiteFideId "13508598"]
[BlackFideId "10200649"]
[WhiteElo "2174"]
[BlackElo "2433"]
[Result "0-1"]
[Round "07"]
[TimeControl "180+2"]
[Date "2023.05.31"]
[WhiteClock "0:00:02"]
[BlackClock "0:00:23"]

1. c4 c5 2. Nc3 Nc6 3. g3 g6 4. Bg2 Bg7 5. a3 a5 6. Nf3 d6 7. e3 e5 8. O-O Be6 9. d3 h6 10. Re1 Nge7 11. Bd2 O-O 12. Nb5 d5 13. cxd5 Nxd5 14. d4 e4 15. Ne5 Nxe5 16. dxe5 Bxe5 17. Bxe4 Bxb2 18. Rb1 Bg7 19. Qc2 Qe7 20. Red1 Rfd8 21. Be1 b6 22. Nc3 Nxc3 23. Bxc3 Rxd1+ 24. Rxd1 Rd8 25. Bxg7 Rxd1+ 26. Qxd1 Kxg7 27. Bf3 Qf6 28. Kg2 Qb2 29. Qd6 c4 30. h4 h5 31. Be4 b5 32. Qc7 b4 33. axb4 axb4 34. g4 hxg4 35. h5 Qf6 36. Qb8 gxh5 37. Qxb4 h4 38. Qc5 Kh6 39. Qf8+ Qg7 40. Qd8 Kh5 41. Qd1 h3+ 42. Kg1 Qe5 0-1


[Site "https://www.chess.com"]

[Event "Titled Tuesday Blitz May 30 Late 2023"]
[White "Kleiman, Jake"]
[Black "Devagharan, Devina"]
[WhiteFideId "2020041"]
[BlackFideId "2061600"]
[WhiteElo "2592"]
[BlackElo "2447"]
[Result "1-0"]
[Round "07"]
[TimeControl "180+2"]
[Date "2023.05.31"]
[WhiteClock "0:00:20"]
[BlackClock "0:00:16"]

1. e4 c5 2. c3 d5 3. exd5 Nf6 4. d4 cxd4 5. Nf3 Nxd5 6. Nxd4 e6 7. Bd3 Be7 8. O-O Nf6 9. Re1 O-O 10. Bf4 a6 11. Nd2 Nbd7 12. N2f3 Nc5 13. Bc2 Nd5 14. Bg3 Bf6 15. Ne5 b5 16. Ng4 Bb7 17. Nxf6+ Nxf6 18. Qe2 Qd5 19. f3 Rfd8 20. Red1 Qc4 21. Qe1 b4 22. b3 Qxc3 23. Qxc3 bxc3 24. Ne2 Nd5 25. Be1 Ne3 26. Rdc1 Rac8 27. Bxc3 Nxc2 28. Rxc2 Nd3 29. Rd2 Nc5 30. Rad1 Rxd2 31. Rxd2 Bd5 32. Kf2 f6 33. Bb4 Nb7 34. Nf4 Rd8 35. Ke3 Kf7 36. Nxd5 exd5 37. Kd4 Ke6 38. Re2+ Kf5 39. Re7 Nd6 40. Bxd6 Rxd6 41. Rxg7 Rc6 42. Rxh7 Rc2 43. Rg7 Rxa2 44. Kxd5 Rb2 45. Kc4 a5 46. h4 Ke6 47. h5 f5 48. h6 Rb1 49. Rg3 Rc1+ 50. Kb5 Rc8 51. h7 Rh8 52. Rh3 Kd5 53. Kxa5 Kc6 54. Kb4 Kd5 55. Kc3 Kc5 56. g4 fxg4 57. fxg4 Kd5 58. g5 Ke5 59. g6 Kf6 60. Rg3 Kg7 61. b4 Rc8+ 62. Kb3 Rb8 63. Rg4 Rc8 64. b5 Rb8 65. Kb4 Rc8 66. b6 Rb8 67. Kb5 Rd8 68. b7 Rb8 69. Kb6 Re8 70. Ka7 Re2 71. Ra4 Ra2 72. Rxa2 1-0


[Site "https://www.chess.com"]

[Event "Titled Tuesday Blitz May 30 Late 2023"]
[White "Pinheiro, Iung Alicio de O."]
[Black "KorolDimitriy75"]
[WhiteFideId "2104350"]
[WhiteElo "2283"]
[BlackElo "2443"]
[Result "1-0"]
[Round "07"]
[TimeControl "180+2"]
[Date "2023.05.31"]
[WhiteClock "0:00:07"]
[BlackClock "0:00:01"]

1. d4 Nf6 2. c4 c5 3. d5 b5 4. Qc2 bxc4 5. e4 d6 6. Bxc4 g6 7. Nf3 Bg7 8. O-O O-O 9. Nbd2 Nbd7 10. Rb1 Nb6 11. Bd3 e6 12. dxe6 Bxe6 13. b3 d5 14. Ba3 Rc8 15. Ba6 Rc7 16. Rbd1 Qe7 17. Rfe1 Rd8 18. h3 dxe4 19. Nxe4 Rxd1 20. Rxd1 Bf5 21. Nxf6+ Bxf6 22. Bd3 Bxd3 23. Rxd3 Kg7 24. Re3 Qd6 25. Nd2 Bd4 26. Bb2 Nd5 27. Rf3 Nb4 28. Qb1 Qd5 29. a3 Nc6 30. Nc4 h5 31. Ne3 Qe5 32. Nc4 Qd5 33. Rf4 Re7 34. Bxd4+ Nxd4 35. Qb2 Kh7 36. Ne3 Qe5 37. g3 1-0


[Site "https://www.chess.com"]

[Event "Titled Tuesday Blitz May 30 Late 2023"]
[White "Gatterer, Florian"]
[Black "Shuvalov, Evgenij"]
[WhiteFideId "811688"]
[BlackFideId "4187237"]
[WhiteElo "2221"]
[BlackElo "2080"]
[Result "0-1"]
[Round "07"]
[TimeControl "180+2"]
[Date "2023.05.31"]
[WhiteClock "0:00:29"]
[BlackClock "0:01:05"]

1. e4 e6 2. d4 d5 3. e5 c5 4. c3 Nc6 5. Nf3 Qb6 6. Be2 Nh6 7. dxc5 Bxc5 8. O-O Ng4 9. Nd4 Ngxe5 10. Be3 Bxd4 11. cxd4 Qxb2 12. Nd2 Nxd4 13. Rb1 Nxe2+ 14. Qxe2 Qc3 15. Rb3 Qc7 16. Bf4 f6 17. Nf3 Nxf3+ 18. Qxf3 Qd7 19. Qh5+ Qf7 20. Qe2 O-O 21. Bd6 Rd8 22. Ba3 e5 23. Rc1 d4 24. f4 exf4 25. Rf3 Bg4 26. Rxf4 Bxe2 27. Re1 d3 0-1


[Site "https://www.chess.com"]

[Event "Titled Tuesday Blitz May 30 Late 2023"]
[White "Martic, Ivan"]
[Black "zsizsi99"]
[WhiteFideId "929301"]
[WhiteElo "2360"]
[BlackElo "2395"]
[Result "1-0"]
[Round "07"]
[TimeControl "180+2"]
[Date "2023.05.31"]
[WhiteClock "0:00:17"]
[BlackClock "0:00:03"]

1. Nf3 Nf6 2. c4 e6 3. Nc3 Be7 4. e4 d5 5. e5 Ne4 6. d4 c5 7. cxd5 Nxc3 8. bxc3 Qxd5 9. Bd3 cxd4 10. cxd4 Nc6 11. O-O O-O 12. Re1 g6 13. Be4 Qd7 14. Be3 Nb4 15. h4 Nd5 16. Bh6 Rd8 17. h5 Bf8 18. Bg5 Re8 19. hxg6 fxg6 20. Rc1 b6 21. Nh2 Bb7 22. Ng4 Bg7 23. f3 Rac8 24. Qd2 Qf7 25. Bxd5 Bxd5 26. Nf6+ Bxf6 27. Bxf6 Qf8 28. a3 Rxc1 29. Rxc1 Rc8 30. Rc3 Rxc3 31. Qxc3 Qb8 32. Qb4 Qb7 33. Qd6 Qf7 34. Qb8+ Qf8 35. Qxa7 b5 36. Kf2 Bc4 37. Qb7 Qf7 38. Qb6 Qf8 39. Qa7 Qf7 40. Qa5 Qf8 41. g4 Bd3 42. Kg3 Bc4 43. Qa6 Qe8 44. a4 Bd3 45. Qb7 Qf7 46. Qc8+ Qf8 47. Qxe6+ Qf7 48. Qc8+ Qf8 49. Qxf8+ Kxf8 50. axb5 Bxb5 51. d5 Bc4 52. d6 Be6 53. Kf4 Ke8 54. Kg5 Kd7 55. f4 Bd5 56. f5 gxf5 57. gxf5 Be4 58. Be7 h6+ 59. Kf6 h5 60. e6+ Kc6 61. d7 1-0


[Site "https://www.chess.com"]

[Event "Titled Tuesday Blitz May 30 Late 2023"]
[White "Bashkansky, Ethan"]
[Black "Bruedigam, Martin"]
[WhiteFideId "2071533"]
[BlackFideId "24608033"]
[WhiteElo "2337"]
[BlackElo "2331"]
[Result "0-1"]
[Round "07"]
[TimeControl "180+2"]
[Date "2023.05.31"]
[WhiteClock "0:01:39"]
[BlackClock "0:02:07"]

1. d4 d5 2. c4 e6 3. Nc3 Nf6 4. cxd5 exd5 5. Bg5 c6 6. e3 Bf5 7. Qf3 Bg6 8. Bxf6 Qxf6 9. Qxf6 gxf6 10. Nge2 Nd7 11. Nf4 Nb6 12. g3 Nc8 13. h4 h6 14. a3 a5 15. Bh3 Nd6 16. Na4 Bf5 17. Bf1 Be4 18. Rg1 Kd8 19. Be2 Kc7 20. Kd2 Be7 21. Rgc1 Kd8 22. Nc5 Bh7 23. b3 Ra7 24. Ra2 Ne4+ 25. Nxe4 Bxe4 26. Rb2 Bxa3 0-1


[Site "https://www.chess.com"]

[Event "Titled Tuesday Blitz May 30 Late 2023"]
[White "Balla, Tamas-Kristof"]
[Black "Baidetskyi, Valentin"]
[WhiteFideId "1208497"]
[BlackFideId "14142317"]
[WhiteElo "2334"]
[BlackElo "2490"]
[Result "1/2-1/2"]
[Round "07"]
[TimeControl "180+2"]
[Date "2023.05.31"]
[WhiteClock "0:00:26"]
[BlackClock "0:00:07"]

1. e4 d6 2. d4 Nf6 3. Nc3 e5 4. Nf3 Nbd7 5. Bc4 Be7 6. O-O O-O 7. a4 c6 8. Bg5 h6 9. Bh4 Nh5 10. Bxe7 Qxe7 11. Ne2 a5 12. dxe5 dxe5 13. Ng3 Nxg3 14. hxg3 Nc5 15. Qe2 Bg4 16. Qe3 Rfd8 17. Rfd1 Rxd1+ 18. Rxd1 Nxa4 19. b3 Nb2 20. Rb1 Nxc4 21. bxc4 Bxf3 22. gxf3 a4 23. f4 a3 24. f5 a2 25. Ra1 Qb4 26. Qb3 Qxb3 27. cxb3 Ra3 28. Kf1 Kf8 29. Ke2 Ke7 30. Kd2 Rxb3 31. Rxa2 g6 32. fxg6 fxg6 33. Ke2 h5 34. Ra8 Rb2+ 35. Ke3 Rb3+ 36. Ke2 Kf6 37. Rd8 Kg5 38. Rd7 Kf6 39. Rd8 Rb2+ 40. Ke3 Ke7 41. Rg8 Rb3+ 42. Ke2 Kf6 43. Rd8 1/2-1/2


[Site "https://www.chess.com"]

[Event "Titled Tuesday Blitz May 30 Late 2023"]
[White "Jovic, Stanoje"]
[Black "Simonian, Hrair"]
[WhiteFideId "905020"]
[BlackFideId "13302337"]
[WhiteElo "2236"]
[BlackElo "2447"]
[Result "1-0"]
[Round "07"]
[TimeControl "180+2"]
[Date "2023.05.31"]
[WhiteClock "0:00:30"]
[BlackClock "0:00:06"]

1. c4 e5 2. g3 Nc6 3. Bg2 Nf6 4. Nf3 e4 5. Ng5 d5 6. Nc3 h6 7. cxd5 hxg5 8. dxc6 Bc5 9. Nxe4 Nxe4 10. Bxe4 Qd4 11. d3 Qxf2+ 12. Kd2 b6 13. Kc2 Bg4 14. Bxg5 Bxe2 15. Qd2 f6 16. Bf4 O-O-O 17. Rae1 Bg4 18. Qxf2 Bxf2 19. Ref1 Bd4 20. h4 Rde8 21. Bd2 Re6 22. Rf4 f5 23. Rxg4 fxe4 24. Rxe4 Rxc6+ 25. Kb3 Rd8 26. Rhe1 Bf6 27. Re8 Rd6 28. Rxd8+ Kxd8 29. Re3 Kd7 30. Bc3 c5 31. a4 a6 32. Rf3 Bxc3 33. bxc3 Rg6 34. Kc2 Rg4 35. c4 Kc6 36. Kd2 b5 37. axb5+ axb5 38. cxb5+ Kxb5 39. Ke2 Kc6 40. Re3 Kd5 41. Kf3 Rg6 42. Re7 Rf6+ 43. Kg4 Rg6+ 44. Kf4 Kd4 45. Rd7+ Kc3 46. g4 Rf6+ 47. Kg5 Rc6 48. h5 Kd2 49. Rxg7 Kxd3 50. Rd7+ Ke2 51. h6 c4 52. h7 Rc8 53. Rc7 Rxc7 54. h8=Q c3 55. Qe5+ Kd1 56. Qxc7 c2 57. Kf4 Kc1 58. g5 Kb1 59. g6 Ka1 60. g7 Ka2 61. g8=Q+ 1-0


[Site "https://www.chess.com"]

[Event "Titled Tuesday Blitz May 30 Late 2023"]
[White "Cruz, Jonathan"]
[Black "Filgueira, Hernan"]
[WhiteFideId "3802124"]
[BlackFideId "101770"]
[WhiteElo "2407"]
[BlackElo "2363"]
[Result "1/2-1/2"]
[Round "07"]
[TimeControl "180+2"]
[Date "2023.05.31"]
[WhiteClock "0:00:50"]
[BlackClock "0:01:16"]

1. Nf3 d5 2. d4 c6 3. c4 Nf6 4. Nc3 dxc4 5. e3 Bf5 6. Bxc4 e6 7. O-O Nbd7 8. Qe2 Bg4 9. e4 Bxf3 10. Qxf3 Nb6 11. Bb3 Qxd4 12. Rd1 Qe5 13. Bf4 Qh5 14. Qg3 Qg4 15. Qe3 Nfd7 16. h3 Qh5 17. Qg3 Qg6 18. Qxg6 hxg6 19. a4 a5 20. Rac1 Bb4 21. Be3 O-O 22. Ne2 Rfd8 23. Bg5 Re8 24. Be3 Red8 25. Bg5 Re8 26. Be3 Red8 1/2-1/2


[Site "https://www.chess.com"]

[Event "Titled Tuesday Blitz May 30 Late 2023"]
[White "Kielinkei"]
[Black "egorchess95"]
[WhiteElo "2477"]
[BlackElo "2662"]
[Result "1-0"]
[Round "07"]
[TimeControl "180+2"]
[Date "2023.05.31"]
[WhiteClock "0:00:10"]
[BlackClock "0:00:21"]

1. e4 c5 2. a3 e6 3. b4 cxb4 4. axb4 Bxb4 5. c3 Be7 6. d4 d5 7. e5 Nc6 8. Bd3 Bg5 9. Ba3 Be7 10. Qg4 g6 11. Bc1 Qc7 12. h4 h5 13. Qg3 Nxd4 14. Ne2 Nb3 15. Ra2 Nxc1 16. Nxc1 Nh6 17. O-O Nf5 18. Bxf5 exf5 19. Nd2 Be6 20. Ndb3 Qd8 21. Ra4 a6 22. Rf4 Rc8 23. Nd4 Qd7 24. Nce2 Bf8 25. Nxe6 Qxe6 26. Nd4 Qxe5 27. f3 Rxc3 28. Re4 Qxe4 29. Qb8+ Kd7 30. fxe4 Bg7 31. Qxb7+ Rc7 32. Qxd5+ Kc8 33. Rd1 Rb7 34. Qd6 Bh6 35. Nc6 Be3+ 36. Kh1 Re8 37. e5 Bb6 38. Rc1 Bc7 39. Ne7+ Kb8 40. Rxc7 Rxc7 41. Nd5 Rc8 42. Nxc7 Rxc7 43. Qxa6 Re7 44. Qb6+ Kc8 45. Qf6 Kd8 46. Kh2 Ke8 47. Kg3 Re6 48. Qh8+ Ke7 49. Kf4 Rc6 50. Qa8 Rc4+ 51. Kg3 Rc3+ 52. Kh2 Rd3 53. Qa7+ Rd7 54. Qc5+ Ke6 55. Qc6+ Ke7 56. Qf6+ Ke8 57. e6 fxe6 58. Qxe6+ Kd8 59. Qxg6 f4 60. Qxh5 Rd4 61. Qh8+ 1-0


[Site "https://www.chess.com"]

[Event "Titled Tuesday Blitz May 30 Late 2023"]
[White "Melikyan, Gnel"]
[Black "Rottenwohrer Suarez, Juan"]
[WhiteFideId "54109990"]
[BlackFideId "32068182"]
[WhiteElo "2138"]
[BlackElo "2174"]
[Result "0-1"]
[Round "07"]
[TimeControl "180+2"]
[Date "2023.05.31"]
[WhiteClock "0:00:52"]
[BlackClock "0:00:07"]

1. e4 c5 2. Qh5 Nf6 3. Qxc5 Nxe4 4. Qe3 d5 5. Nc3 Nxc3 6. dxc3 Bf5 7. Bd3 Bxd3 8. cxd3 e6 9. Ne2 Nc6 10. O-O d4 11. cxd4 Be7 12. b3 Bf6 13. Bb2 O-O 14. Rac1 Qd7 15. Rc4 Rfd8 16. Rfc1 Rac8 17. Qe4 g6 18. h3 Kg7 19. b4 a6 20. g4 Qd6 21. g5 Bxg5 22. d5+ Kg8 23. dxc6 Bxc1 24. Nxc1 Rxc6 25. Rxc6 bxc6 26. Nb3 Qxd3 27. Qe5 Qd1+ 28. Kh2 Qd6 29. Nc5 Qxe5+ 30. Bxe5 Rd2 31. a4 Rxf2+ 32. Kg3 Re2 33. Bf6 Ra2 34. a5 h6 35. Nxa6 g5 36. Nc5 Kh7 37. Bd4 Kg6 38. a6 f5 39. Be5 f4+ 40. Kf3 Kf5 41. Bb8 e5 42. a7 e4+ 43. Nxe4 Ra3+ 44. Nc3 Rxc3+ 45. Ke2 Ra3 46. b5 cxb5 47. Bxf4 0-1


[Site "https://www.chess.com"]

[Event "Titled Tuesday Blitz May 30 Late 2023"]
[White "Kokoszczynski, Jan"]
[Black "Bjelobrk, Igor"]
[WhiteFideId "1174460"]
[BlackFideId "4300726"]
[WhiteElo "2139"]
[BlackElo "2319"]
[Result "0-1"]
[Round "07"]
[TimeControl "180+2"]
[Date "2023.05.31"]
[WhiteClock "0:00:02"]
[BlackClock "0:00:14"]

1. c4 c5 2. Nf3 Nc6 3. g3 g6 4. Bg2 Bg7 5. Nc3 d6 6. d3 Bd7 7. Qd2 Qc8 8. h4 h5 9. b3 Nh6 10. Bb2 Ng4 11. Nd5 Nce5 12. Nxe5 dxe5 13. O-O Bc6 14. Rae1 e6 15. Ne3 Bh6 16. f4 Nxe3 17. Qxe3 exf4 18. gxf4 Bxg2 19. Kxg2 Qc6+ 20. Qf3 Qxf3+ 21. Kxf3 O-O 22. Rg1 Bg7 23. Be5 a5 24. Bxg7 Kxg7 25. Rg5 b6 26. a4 Rad8 27. Reg1 Kf6 28. Ke3 Rd4 29. Re5 Rfd8 30. Rgg5 Kg7 31. Re4 Rxe4+ 32. Kxe4 Rd4+ 33. Kf3 f6 34. Rg1 e5 35. fxe5 fxe5 36. Rh1 Rf4+ 37. Kg3 Kf6 38. e3 Rg4+ 39. Kh3 e4 40. d4 cxd4 41. exd4 e3 42. Re1 Re4 43. Kg3 Kf5 44. d5 Ke5 45. Re2 Kd4 46. Kf3 Re5 47. d6 Rf5+ 48. Kg3 Rf6 49. d7 Rd6 50. Re1 Ke4 51. Kg2 Rxd7 52. Kf1 Rd2 53. Rb1 Kf3 54. Ke1 Rh2 0-1


[Site "https://www.chess.com"]

[Event "Titled Tuesday Blitz May 30 Late 2023"]
[White "Pasti, Aron"]
[Black "Zhao, Erick"]
[WhiteFideId "785857"]
[BlackFideId "30946930"]
[WhiteElo "2173"]
[BlackElo "2597"]
[Result "0-1"]
[Round "07"]
[TimeControl "180+2"]
[Date "2023.05.31"]
[WhiteClock "0:02:05"]
[BlackClock "0:01:42"]

1. e4 c5 2. f3 e6 3. Ne2 d5 4. exd5 exd5 5. d4 Nf6 6. Be3 Nc6 7. dxc5 g6 8. c3 Bg7 9. Nd4 O-O 10. Be2 Re8 11. Bf2 Nxd4 12. Bxd4 b6 13. cxb6 Ba6 14. c4 dxc4 15. bxa7 Rxe2+ 16. Kxe2 c3+ 17. Kf2 Ng4+ 18. fxg4 Bxd4+ 19. Kg3 cxb2 0-1


[Site "https://www.chess.com"]

[Event "Titled Tuesday Blitz May 30 Late 2023"]
[White "Goncalves, Davi Sulzbacher"]
[Black "Perez, Maximiliano"]
[WhiteFideId "2154510"]
[BlackFideId "117234"]
[WhiteElo "2182"]
[BlackElo "2344"]
[Result "1-0"]
[Round "07"]
[TimeControl "180+2"]
[Date "2023.05.31"]
[WhiteClock "0:00:11"]
[BlackClock "0:00:16"]

1. Nf3 Nf6 2. d4 g6 3. g3 Bg7 4. Bg2 O-O 5. O-O d6 6. c4 Nbd7 7. Nc3 e5 8. e4 exd4 9. Nxd4 Re8 10. Re1 Nc5 11. h3 a5 12. Ndb5 Bd7 13. Bf4 Bc6 14. Qc2 Qd7 15. Rad1 Re7 16. Nxc7 Qxc7 17. Bxd6 Qb6 18. Bxe7 Re8 19. Nd5 Bxd5 20. exd5 Nfd7 21. b3 Na6 22. Ba3 Rc8 23. Bb2 Bf8 24. Qc3 f6 25. Re6 Qc7 26. d6 Qd8 27. Bxb7 Nac5 28. Bd5 Kg7 29. Rde1 Nxe6 30. Bxe6 Rc6 31. Bxd7 Rxd6 32. Be6 h5 33. Bd5 h4 34. g4 Be7 35. g5 Kf8 36. Qf3 Kg7 37. Be6 Qf8 38. Qf4 Ra6 39. Qxh4 a4 40. Qh6# 1-0


[Site "https://www.chess.com"]

[Event "Titled Tuesday Blitz May 30 Late 2023"]
[White "MariusBieliauskas"]
[Black "Krishnan, Varun"]
[BlackFideId "5054508"]
[WhiteElo "2461"]
[BlackElo "2595"]
[Result "0-1"]
[Round "07"]
[TimeControl "180+2"]
[Date "2023.05.31"]
[WhiteClock "0:00:01"]
[BlackClock "0:00:04"]

1. d4 Nf6 2. c4 e6 3. Nf3 b6 4. g3 Bb7 5. Bg2 d5 6. Ne5 Be7 7. Qa4+ c6 8. cxd5 exd5 9. O-O O-O 10. Nc3 Nfd7 11. Nd3 Bd6 12. e4 dxe4 13. Nxe4 Be7 14. Ne5 Nxe5 15. dxe5 Nd7 16. Rd1 Qc7 17. Nd6 Nxe5 18. Nxb7 Qxb7 19. Bf4 Qc7 20. Rac1 Rad8 21. Re1 Bd6 22. Bxe5 Bxe5 23. Rxc6 Qb8 24. Qb5 Bd4 25. b3 Bc5 26. b4 Bd4 27. Qc4 Bf6 28. Bd5 h6 29. h4 Rd7 30. Qe4 Re7 31. Qb1 Qd8 32. Rxe7 Qxe7 33. Qe4 Qxe4 34. Bxe4 Rd8 35. Rc2 g6 36. Kg2 Rd4 37. Kf3 Rxb4 38. Bd5 Rd4 39. Rc8+ Kg7 40. Bb3 Rd7 41. Kg4 Bd4 42. f4 h5+ 43. Kf3 Bc5 44. Ke4 Rd4+ 45. Kf3 Rd3+ 46. Kg2 Rd2+ 47. Kf3 Rf2+ 48. Ke4 Re2+ 49. Kf3 Re3+ 50. Kg2 a5 51. Rc7 Be7 52. Rb7 a4 53. Bxa4 Re2+ 54. Kf3 Rxa2 55. Bb3 Ra3 56. Rxb6 Bf6 57. Rb7 Bd4 58. Rxf7+ Kh6 59. Rb7 Bg7 0-1


[Site "https://www.chess.com"]

[Event "Titled Tuesday Blitz May 30 Late 2023"]
[White "Castaneda, Jhon David"]
[Black "Buchenau, Frank"]
[WhiteFideId "4405048"]
[BlackFideId "4604350"]
[WhiteElo "2086"]
[BlackElo "2157"]
[Result "1-0"]
[Round "07"]
[TimeControl "180+2"]
[Date "2023.05.31"]
[WhiteClock "0:00:23"]
[BlackClock "0:00:03"]

1. d4 e6 2. Nf3 Nf6 3. c4 b6 4. Nc3 Bb4 5. Bg5 h6 6. Bf4 Bb7 7. Qc2 c5 8. dxc5 bxc5 9. e3 Ne4 10. Bd3 f5 11. O-O Bxc3 12. bxc3 O-O 13. Rab1 Bc6 14. Ne5 g5 15. Nxc6 Nxc6 16. Bxe4 fxe4 17. Bd6 Rf5 18. Qxe4 Qf6 19. Rb7 Rd8 20. Bc7 Rf8 21. Bg3 d5 22. cxd5 exd5 23. Qa4 h5 24. h4 d4 25. Rc7 Ne5 26. cxd4 cxd4 27. Qxd4 gxh4 28. Bxh4 Qg6 29. Bg3 Ng4 30. Qc4+ Kh8 31. e4 1-0


[Site "https://www.chess.com"]

[Event "Titled Tuesday Blitz May 30 Late 2023"]
[White "Jakic, Ivan"]
[Black "Grinev, Valeriy"]
[WhiteFideId "14504901"]
[BlackFideId "14117517"]
[WhiteElo "2370"]
[BlackElo "2366"]
[Result "1/2-1/2"]
[Round "07"]
[TimeControl "180+2"]
[Date "2023.05.31"]
[WhiteClock "0:00:09"]
[BlackClock "0:00:49"]

1. e4 c5 2. Nf3 Nc6 3. Bb5 Nf6 4. d3 g6 5. Bxc6 dxc6 6. Nc3 Bg7 7. h3 O-O 8. O-O b6 9. Re1 a5 10. e5 Nd5 11. Ne4 Qc7 12. Qe2 Bxe5 13. c4 Nf4 14. Qe3 Ne6 15. Nxc5 Bg7 16. Nxe6 Bxe6 17. Bd2 Rfd8 18. Bc3 c5 19. Bxg7 Kxg7 20. b3 Rd6 21. d4 cxd4 22. Nxd4 Qd7 23. Nb5 Rc6 24. Rad1 Qb7 25. Qf3 Rb8 26. Nd4 Rd6 27. Qc3 Kg8 28. Nxe6 fxe6 29. Rxd6 exd6 30. Rxe6 Rd8 31. Qf6 Rf8 32. Qe7 Qxe7 33. Rxe7 Rd8 34. Rb7 d5 35. cxd5 Rxd5 36. Rxb6 Rd1+ 37. Kh2 Rd2 38. f4 Rxa2 39. Kg3 Kg7 40. Kf3 h5 41. g4 h4 42. g5 Rh2 43. Kg4 Rf2 44. Rb7+ Kg8 45. Rb5 Rb2 46. Kxh4 Kf7 47. Kg4 Ke6 48. h4 Rg2+ 49. Kf3 Rb2 50. Kg3 Kd6 51. Rxa5 Rxb3+ 52. Kg4 Ke6 53. Ra6+ Kf7 54. h5 Kg7 55. Ra7+ Kg8 56. hxg6 Rb5 57. f5 Rb1 58. f6 Rb4+ 59. Kf5 Rb8 60. Kg4 Rb4+ 61. Kh5 Rb8 62. Rg7+ Kh8 63. Rh7+ Kg8 64. f7+ Kf8 65. Rh8+ Kg7 66. Rxb8 1/2-1/2


[Site "https://www.chess.com"]